Map: Abiogenesis LE

Players

TRUE

  • Race: Zerg Zerg
  • Spawn Location: 11:00

Serral - Winner!

  • Race: Zerg Zerg
  • Spawn Location: 5:00

Event: IEM Season 12 - Katowice

VOD

Have the link to the VOD?

Description

Time

  • Played on: Feb. 26, 2018, 11 a.m.
  • Length: 9:08

All games in this series

Show
View Real Time Build Order
Export as new Build Order

TRUE Zerg 

Build Orders: Hatch First 

Get SALT Encoding   

  12  0:00  Drone  
  13  0:12  Overlord  
  13  0:17  Drone  
  14  0:30  Drone x2  
  14  0:34  Drone  
  17  0:52  Hatchery  
  17  0:55  Drone  
  17  0:59  Drone  
  17  1:03  Extractor  
  17  1:14  Spawning Pool  
  17  1:17  Drone  
  17  1:21  Drone  
  18  1:27  Drone  
  19  1:39  Overlord  
  19  1:48  Drone  
  20  2:01  Queen, Zergling x2  
  21  2:03  Metabolic Boost  
  21  2:06  Queen  
  25  2:10  Drone  
  25  2:13  Drone  
  27  2:17  Drone  
  27  2:21  Drone  
  29  2:28  Baneling Nest  
  29  2:29  Drone  
  29  2:34  Drone  
  30  2:40  Queen  
  32  2:46  Zergling x4  
  32  2:50  Overlord  
  34  2:58  Drone x2  
  36  3:08  Drone x2  
  36  3:09  Drone x3  
  41  3:13  Drone x2  
  41  3:15  Drone  
  41  3:19  Overlord  
  44  3:39  Baneling x2  
  44  3:41  Drone x2  
  44  3:43  Evolution Chamber  
  44  3:44  Drone x3, Extractor  
  44  3:45  Drone x2  
  44  3:46  Drone  
  50  3:50  Drone x2  
  50  3:52  Overlord  
  52  3:59  Overlord  
  51  4:08  Extractor  
  51  4:09  Lair  
  50  4:10  Drone x2, Roach Warren  
  50  4:11  Drone  
  50  4:17  Zerg Missile Weapons Level 1  
  52  4:21  Hatchery  
  51  4:25  Overlord  
  51  4:28  Overlord  
  51  4:35  Overlord  
  51  4:37  Drone  
  52  4:39  Drone x2  
  54  4:49  Overlord  
  54  4:50  Roach x4  
  54  4:52  Roach  
  63  4:54  Roach  
  63  4:55  Roach  
  67  5:00  Roach, Spine Crawler  
  67  5:03  Roach  
  67  5:05  Roach  
  72  5:10  Roach  
  72  5:11  Roach  
  72  5:13  Roach  
  78  5:17  Roach  
  78  5:18  Roach  
  82  5:25  Unknown  
  82  5:26  Roach  
  85  5:28  Ravager  
  85  5:29  Roach  
  85  5:30  Spine Crawler  
  85  5:34  Roach x2  
  90  5:37  Roach x2  
  90  5:39  Overlord  
  90  5:41  Roach  
  96  5:43  Roach  
  96  5:46  Overlord  
  98  5:57  Overlord  
  98  5:58  Glial Reconstitution  
  98  6:00  Roach x2  
  102  6:05  Roach  
  102  6:08  Roach  
  106  6:17  Roach  
  108  6:21  Drone x3  
  108  6:22  Drone x3  
  108  6:23  Drone x2  
  115  6:27  Drone  
  115  6:31  Drone  
  117  6:35  Drone x4  
  117  6:39  Zerg Missile Weapons Level 2  
  121  6:40  Overlord  
  121  6:42  Overlord  
  121  6:43  Extractor  
  121  6:44  Overlord  
  121  6:45  Extractor  
  121  6:46  Burrow  
  119  6:47  Extractor  
  119  6:52  Unknown, Overlord  
  118  6:58  Overlord x2  
  118  6:59  Roach x2  
  118  7:00  Roach  
  124  7:03  Drone x2  
  124  7:05  Roach  
  124  7:07  Roach  
  130  7:09  Roach  
  130  7:13  Overlord  
  132  7:17  Tunneling Claws, Drone  
  132  7:19  Roach  
  132  7:21  Roach  
  137  7:23  Roach  
  137  7:26  Drone x2  
  137  7:27  Drone  
  137  7:29  Roach  
  144  7:30  Unknown  
  144  7:31  Roach  
  144  7:35  Roach  
  144  7:36  Roach  
  150  7:38  Roach  
  150  7:40  Roach  
  150  7:41  Roach  
  150  7:43  Roach  
  158  7:46  Overlord  
  158  7:48  Roach  
  158  7:50  Roach  
  162  7:51  Overseer  
  162  7:54  Roach  
  162  7:55  Roach  
  162  7:57  Roach  
  168  7:59  Roach  
  168  8:05  Roach x2  
  166  8:06  Roach  
  166  8:07  Roach, Unknown  
  166  8:08  Roach  
  166  8:10  Roach x2  
  166  8:12  Roach  
  148  8:14  Roach  
  148  8:15  Roach  
  148  8:18  Roach  
  132  8:20  Roach x2  
  132  8:23  Roach  
  132  8:24  Roach x8  
  132  8:25  Ravager x2  
  132  8:26  Roach  
  140  8:29  Roach x2  
  140  8:33  Roach  
  131  8:34  Roach  
  131  8:35  Roach  
  131  8:38  Roach  
  131  8:39  Roach  
  117  8:44  Roach  
  117  8:45  Roach  
  117  8:46  Roach  
  117  8:47  Roach  
  111  8:48  Roach  
Show
View Real Time Build Order
Export as new Build Order

Serral Zerg - Winner!

Build Orders: Pool First 

Get SALT Encoding   

  12  0:00  Drone  
  13  0:12  Overlord  
  13  0:17  Drone  
  14  0:31  Drone x2  
  14  0:35  Drone  
  17  0:45  Spawning Pool  
  17  0:49  Drone  
  17  1:09  Hatchery  
  17  1:11  Drone  
  17  1:13  Extractor  
  16  1:18  Drone  
  17  1:32  Queen  
  19  1:34  Zergling x2  
  19  1:35  Drone  
  19  1:39  Overlord  
  21  1:50  Drone  
  22  2:00  Drone  
  23  2:07  Queen  
  25  2:11  Drone  
  26  2:22  Drone x2  
  28  2:23  Queen  
  30  2:32  Overlord  
  30  2:34  Drone  
  31  2:41  Drone x2  
  31  2:42  Drone  
  34  2:45  Drone  
  34  2:47  Drone  
  36  2:54  Drone  
  36  2:58  Drone  
  38  3:00  Queen  
  40  3:11  Evolution Chamber, Lair  
  40  3:12  Drone x2  
  40  3:14  Zergling x2  
  40  3:15  Drone  
  40  3:16  Drone  
  40  3:18  Drone  
  44  3:26  Roach Warren  
  43  3:30  Overlord  
  43  3:31  Drone  
  44  3:35  Overlord  
  44  3:38  Extractor  
  44  3:40  Zerg Missile Weapons Level 1  
  44  3:41  Drone  
  44  3:48  Evolution Chamber  
  44  3:49  Drone, Overlord  
  44  3:54  Drone x2  
  46  3:56  Drone x2  
  46  3:59  Drone  
  46  4:00  Drone  
  50  4:05  Extractor  
  50  4:08  Overlord  
  49  4:10  Glial Reconstitution  
  49  4:14  Drone x2  
  51  4:18  Overlord  
  51  4:24  Overlord  
  51  4:31  Roach x4  
  51  4:37  Roach x3  
  64  4:46  Zerg Ground Armor Level 1  
  64  4:54  Drone, Hatchery  
  64  4:55  Drone  
  64  4:56  Drone  
  64  4:58  Drone  
  67  5:01  Drone x2  
  67  5:03  Extractor  
  68  5:09  Drone x2  
  68  5:10  Overseer  
  68  5:13  Overlord  
  70  5:15  Drone x2  
  72  5:22  Overlord x2  
  72  5:32  Drone x2  
  72  5:34  Roach  
  72  5:35  Roach x2  
  80  5:37  Zerg Missile Weapons Level 2  
  80  5:44  Overlord  
  80  5:45  Roach x2  
  80  5:47  Roach  
  86  5:50  Overlord  
  86  5:53  Roach  
  86  5:55  Roach  
  90  5:59  Roach  
  90  6:02  Roach x2  
  96  6:07  Roach  
  96  6:10  Overlord  
  98  6:13  Roach x2  
  98  6:14  Roach  
  104  6:19  Roach x2  
  108  6:25  Extractor  
  108  6:32  Drone x3  
  110  6:33  Roach x4  
  118  6:41  Zerg Ground Armor Level 2  
  118  6:45  Overlord  
  118  6:47  Drone x2  
  120  6:49  Ravager x4  
  120  6:51  Roach  
  120  6:52  Roach  
  128  6:57  Drone x4  
  128  7:01  Overseer  
  132  7:06  Overlord x2  
  132  7:07  Overlord  
  132  7:09  Roach  
  132  7:10  Roach  
  132  7:15  Roach x3  
  142  7:20  Roach x2  
  146  7:27  Roach x4  
  154  7:33  Overlord  
  154  7:36  Roach x4  
  162  7:39  Overlord  
  162  7:44  Roach x3  
  168  7:46  Overlord  
  168  7:49  Overlord  
  168  8:00  Roach x5  
  176  8:08  Roach x5  
  168  8:15  Roach x3  
  168  8:19  Extractor  
  157  8:22  Ravager  
  157  8:23  Ravager  
  157  8:24  Ravager  
  157  8:25  Roach x5  
  166  8:33  Roach x3  
  156  8:39  Overseer  
  152  8:43  Roach x5  
  147  8:49  Roach x3  

Tags
 
Add a new tag
Caveats
  • Supply blocks, unpowered buildings, or Contaminate may cause inaccurate times.
  • Supply counts are checked every 10 seconds.